 Dungeon Sprint DCSS version 0.20.0-15-g7f486f2 (webtiles) character file.

7519 pib the Reanimator (level 11, -16/69 HPs)
             Began as an Octopode Conjurer on June 26, 2017.
             Was the Champion of Vehumet.
             Killed from afar by an efreet (25 damage)
             ... with a fireball
             ... in the Dungeon (Sprint V: "Ziggurat Sprint").
             The game lasted 00:22:18 (884 turns).

pib the Reanimator (Octopode Conjurer)               Turns: 884, Time: 00:22:19

Health: -16/69     AC:  9    Str: 25    XL:     11   Next: 16%
Magic:  25/25      EV: 11    Int: 37    God:    Vehumet [******]
Gold:   0          SH: 26    Dex: 18    Spells: 14/30 levels left

rFire    . . .     SeeInvis .   U - staff of wizardry
rCold    . . .     Gourm    .   I - +18 shield of the Gong {rElec rN+ MR+ EV-5}
rNeg     + . .     Faith    .   (helmet restricted)
rPois    .         Spirit   .   (no amulet)
rElec    +         Reflect  .   C - +6 ring of strength
rCorr    .         Harm     .   B - +6 ring of strength
MR       ++...     NoTele   +   x - +6 ring of dexterity
Stlth    +++.......             Q - ring of Ampir {Str+4 Int+5 Dex-4 Slay-6} (curse)
Regen    0.3/turn               z - +6 ring of intelligence
MPRegen  0.2/turn               A - +6 ring of intelligence
                                Y - ring of Robustness {AC+8}
                                M - ring "Tiloa" {+Inv MR+ Dex+4}

@: death channel
A: almost no armour, stealthy swim, amphibious, 8 rings, constrict 8, camouflage
1, frail 1, gelatinous body 1
a: Renounce Religion, Evoke Invisibility


You were in the Dungeon.
You worshipped Vehumet.
Vehumet was exalted by your worship.
You were hungry.

You visited 1 branch

Inventory:

Hand Weapons
 J - the +7 Singing Sword
   (You found it in the Dungeon)
Armour
 I - the +18 shield of the Gong (worn) {rElec rN+ MR+ EV-5}
   (You found it in the Dungeon)

   It affects your evasion (-5).
   It insulates you from electricity.
   It protects you from negative energy.
   It affects your resistance to hostile enchantments.
Magical Staves
 K - an uncursed staff of energy
 R - an uncursed staff of death
 U - an uncursed staff of wizardry (weapon)
 Z - an uncursed staff of fire
Jewellery
 x - a +6 ring of dexterity (on tentacle)
 y - a +6 ring of dexterity
 z - a +6 ring of intelligence (on tentacle)
 A - a +6 ring of intelligence (on tentacle)
 B - a +6 ring of strength (right tentacle)
 C - a +6 ring of strength (left tentacle)
 M - the ring "Tiloa" (on tentacle) {+Inv MR+ Dex+4}
   (You found it in the Dungeon)

   [ring of protection from magic]

   It affects your dexterity (+4).
   It affects your resistance to hostile enchantments.
   It lets you turn invisible.
 Q - the cursed ring of Ampir (on tentacle) {Str+4 Int+5 Dex-4 Slay-6}
   (You found it in the Dungeon)

   [ring of dexterity]

   It affects your strength (+4).
   It affects your intelligence (+5).
   It affects your dexterity (-4).
   It affects your accuracy and damage with ranged weapons and melee attacks
   (-6).
   It has a curse placed upon it.
 Y - the ring of Robustness (on tentacle) {AC+8}
   (You found it in the Dungeon)

   [ring of protection]

   It affects your AC (+8).
Wands
 D - a wand of disintegration (1/24)
 E - a wand of iceblast (11/15)
 F - a wand of lightning (5/15)
 G - a wand of acid (0/15)
Scrolls
 h - 4 scrolls of blinking
 o - 4 scrolls of amnesia
 q - 10 scrolls of fog
 r - a scroll of holy word
 s - 5 scrolls of identify
 t - 5 scrolls of remove curse
 u - 2 scrolls of fear
Potions
 c - 8 potions of curing
 d - 8 potions of heal wounds
 e - 6 potions of haste
 f - 6 potions of magic
 g - 3 potions of berserk rage
 i - 2 potions of brilliance
 j - a potion of invisibility
 k - 4 potions of resistance
 m - 6 potions of agility
 n - 5 potions of might
Books
 a - a book of Conjurations

   Spells                             Type                      Level
   a - Magic Dart                     Conjuration                  1
   b - Searing Ray                    Conjuration                  2
   c - Dazzling Spray                 Conjuration/Hexes            3
   d - Fulminant Prism                Conjuration/Hexes            4
   e - Force Lance                    Conjuration/Translocation    4
   f - Iskenderun's Mystic Blast      Conjuration                  4
 l - a book of Clouds

   Spells                             Type                      Level
   a - Poisonous Vapours              Poison/Air                   2
   b - Mephitic Cloud                 Conjuration/Poison/Air       3
   c - Conjure Flame                  Conjuration/Fire             3
   d - Freezing Cloud                 Conjuration/Ice/Air          6
   e - Ring of Flames                 Charms/Fire                  7
 N - a book of Geomancy

   Spells                             Type                      Level
   a - Sandblast                      Earth                        1
   b - Passwall                       Transmutation/Earth          2
   c - Stone Arrow                    Conjuration/Earth            3
   d - Petrify                        Transmutation/Earth          4
   e - Lee's Rapid Deconstruction     Earth                        5
 P - a book of Unlife

   Spells                             Type                      Level
   a - Recall                         Summoning/Translocation      3
   b - Animate Dead                   Necromancy                   4
   c - Control Undead                 Necromancy                   4
   d - Cigotuvi's Embrace             Necromancy                   5
   e - Death Channel                  Necromancy                   6
   f - Simulacrum                     Ice/Necromancy               6
 V - a book of Spatial Translocations

   Spells                             Type                      Level
   a - Blink                          Translocation                2
   b - Shroud of Golubria             Charms/Translocation         2
   c - Lesser Beckoning               Translocation                3
   d - Gell's Gravitas                Translocation                3
   e - Teleport Other                 Translocation                3
   f - Passage of Golubria            Translocation                4
 W - Sif Muna's Tome of Ignition and Poisoning
   (You found it in the Dungeon)

   Spells                             Type                      Level
   a - Poisonous Vapours              Poison/Air                   2
   b - Sticky Flame                   Conjuration/Fire             4
   c - Ignition                       Fire                         8
 X - a book of Summonings

   Spells                             Type                      Level
   a - Recall                         Summoning/Translocation      3
   b - Aura of Abjuration             Summoning                    5
   c - Summon Demon                   Summoning                    5
   d - Summon Forest                  Summoning/Translocation      5
   e - Summon Mana Viper              Hexes/Summoning              5
   f - Shadow Creatures               Summoning                    6
Miscellaneous
 H - a lightning rod (1/4)
 L - a crystal ball of energy
 O - a crystal ball of energy
 S - a phantom mirror
Comestibles
 b - 5 bread rations
 v - 42 fruits
 w - 4 meat rations
 T - 3 royal jellies


   Skills:
 + Level 8.0 Fighting
 - Level 7.8 Dodging
 - Level 2.6 Stealth
 + Level 10.2 Spellcasting
 + Level 12.0 Conjurations
 - Level 12.3 Necromancy
 - Level 1.2 Translocations
 - Level 11.8 Evocations


You had 14 spell levels left.
You knew the following spells:

 Your Spells              Type           Power        Failure   Level  Hunger
a - Magic Dart            Conj           ####         1%          1    None
b - Stone Arrow           Conj/Erth      ######       1%          3    None
c - Animate Dead          Necr           N/A          1%          4    None
d - Blink                 Tloc           N/A          6%          2    None
e - Death Channel         Necr           #######...   6%          6    ####...


Dungeon Overview and Level Annotations

Branches:
Dungeon (1/1)

Altars:
Ashenzari
Cheibriados
Dithmenos
Elyvilon
Fedhas
Gozag
Hepliaklqana
Kikubaaqudgha
Makhleb
Nemelex Xobeh
Okawaru
Qazlal
Ru
Sif Muna
Trog
Uskayaw
Vehumet
Xom
Yredelemnul
Zin
The Shining One
Beogh
Jiyva
Lugonu


Innate Abilities, Weirdness & Mutations

You cannot wear most types of armour.
You are very stealthy in the water. (Stealth+)
You are amphibious.
You can wear up to eight rings at the same time.
You can use your tentacles to constrict eight enemies at once.
Your skin changes colour to match your surroundings (Stealth+).
Your rubbery body absorbs attacks. (AC +1, EV +1)
You are frail. (-10% HP)


Message History

Aim: a hell hog (moderately wounded)
The mass of ice explodes!
The iceblast engulfs the fire elemental.
The fire elemental is frozen!
The fire elemental is almost destroyed.
The iceblast engulfs the hell hog.
The hell hog is severely wounded.
The iceblast engulfs the hell hog.
The hell hog is heavily wounded.
The iceblast engulfs the hell hound.
The hell hound is frozen!
The hell hound is severely wounded.
This wand has 11 charges left.
You constrict the hell hound. You block the hell hound's attack.
SHROANNG!
The efreet gestures at you.
The fireball explodes!
The fireball engulfs the hell hog.
The hell hog resists.
The fireball engulfs the hell hound.
The hell hound completely resists.
The fireball engulfs the fire elemental.
The fire elemental completely resists.
The fireball engulfs you!
You die...

▓..})[[...▓
▓..[:§)§..▓..).})|..▓
▓...R§....▓..)......▓
▓.....D§..▓...).....▓
▓....hR...▓..)......▓
▓..D.h§...▓.........▓
▓...h§....▓.▓)..(.▓.▓
▓.▓.Eh..▓.▓....(....▓
▓....@h...▓▓▓▓▓▓▓▓▓▓▓
▓▓▓▓▓▓▓▓▓▓▓


You could see 2 fire dragons, 3 hell hogs, 2 efreet, a fire elemental and 2 hell
hounds.

Vanquished Creatures
  2 dancing weapons (D)
  A death scarab (D)
  2 guardian mummies (D)
  A jumping spider (D)
  A queen bee (shapeshifter) (D)
  A redback (shapeshifter) (D)
  A human (shapeshifter) (D)
  3 neqoxecs (D)
  A hell hound (D)
  3 orc warriors (D)
  A necrophage (D)
  A sky beast (shapeshifter) (D)
  2 centaurs (shapeshifter) (D)
  3 scorpions (D)
  6 orc priests (D)
  An iguana (shapeshifter) (D)
  3 orc wizards (D)
  3 mummies (D)
  A shadow imp (D)
  An adder zombie (D)
  An adder skeleton (D)
  3 orcs (D)
  2 giant cockroach zombies (D)
44 creatures vanquished.

Vanquished Creatures (collateral kills)
  A shining eye (D)
  A jumping spider (D)
  3 orc warriors (D)
  3 orc wizards (D)
  2 orcs (D)
10 creatures vanquished.

Grand Total: 54 creatures vanquished

Notes
Turn   | Place    | Note
-------+----------+-------------------------------------------
     0 | D        | pib the Octopode Conjurer began the quest for the Orb.
     0 | D        | Reached XP level 1. HP: 11/11 MP: 3/3
     0 | D        | Found a deep blue altar of Sif Muna.
     0 | D        | Found a sacrificial altar of Ru.
     0 | D        | Found a bloodstained altar of Trog.
     0 | D        | Found a stormy altar of Qazlal.
     0 | D        | Found an iron altar of Okawaru.
     0 | D        | Found a sparkling altar of Nemelex Xobeh.
     0 | D        | Found a blossoming altar of Fedhas.
     2 | D        | Found a transporter.
     2 | D        | Found an ancient bone altar of Kikubaaqudgha.
     2 | D        | Found a viscous altar of Jiyva.
     2 | D        | Found a corrupted altar of Lugonu.
     2 | D        | Found a hazy altar of Hepliaklqana.
     2 | D        | Found a burning altar of Makhleb.
     2 | D        | Found an opulent altar of Gozag.
    61 | D        | Became a worshipper of Vehumet
    99 | D        | Entered arena 2.
    99 | D        | Noticed a battleaxe of chopping
    99 | D        | Noticed a hand axe of freezing
    99 | D        | Found a transporter.
   101 | D        | Killed a hand axe of freezing
   101 | D        | Reached skill level 10 in Conjurations
   101 | D        | Reached XP level 2. HP: 17/17 MP: 3/11
   101 | D        | Reached XP level 3. HP: 21/21 MP: 3/13
   101 | D        | Reached XP level 4. HP: 27/27 MP: 3/14
   101 | D        | Reached XP level 5. HP: 31/31 MP: 3/16
   101 | D        | Reached XP level 6. HP: 36/36 MP: 3/17
   101 | D        | Reached XP level 7. HP: 41/41 MP: 3/19
   105 | D        | Killed a battleaxe of chopping
   105 | D        | Reached XP level 8. HP: 46/46 MP: 3/21
   114 | D        | Learned a level 3 spell: Stone Arrow
   316 | D        | Entered arena 3.
   316 | D        | Found a transporter.
   317 | D        | Reached * piety under Vehumet
   317 | D        | Offered knowledge of Flame Tongue by Vehumet.
   332 | D        | Entered arena 4.
   332 | D        | Found a transporter.
   333 | D        | Reached ** piety under Vehumet
   353 | D        | Learned a level 4 spell: Animate Dead
   355 | D        | Entered arena 5.
   355 | D        | Found a transporter.
   356 | D        | Reached *** piety under Vehumet
   356 | D        | Reached skill level 1 in Fighting
   357 | D        | Reached XP level 9. HP: 55/55 MP: 18/22
   379 | D        | Entered arena 6.
   379 | D        | Noticed a jumping spider
   379 | D        | Noticed a jumping spider
   379 | D        | Found a transporter.
   380 | D        | Reached **** piety under Vehumet
   383 | D        | Killed a jumping spider
   383 | D        | Reached skill level 5 in Necromancy
   385 | D        | Killed a jumping spider
   385 | D        | Reached ***** piety under Vehumet
   485 | D        | Learned a level 2 spell: Blink
   487 | D        | Entered arena 7.
   490 | D        | Offered knowledge of Freeze by Vehumet.
   490 | D        | Reached skill level 5 in Dodging
   495 | D        | Reached skill level 1 in Translocations
   497 | D        | Found a transporter.
   567 | D        | Reached XP level 10. HP: 65/65 MP: 21/23
   575 | D        | Learned a level 6 spell: Death Channel
   578 | D        | Entered arena 8.
   578 | D        | Noticed a death scarab
   581 | D        | Killed a death scarab
   581 | D        | Reached skill level 5 in Fighting
   581 | D        | Reached skill level 10 in Necromancy
   586 | D        | Reached ****** piety under Vehumet
   586 | D        | Noticed a reaper
   589 | D        | Found a transporter.
   618 | D        | Entered arena 9.
   618 | D        | Noticed a shining eye
   621 | D        | Found a transporter.
   628 | D        | Gained mutation: You are frail. (-10% HP) [a shining eye]
   631 | D        | Reached XP level 11. HP: 67/67 MP: 22/24
   636 | D        | Killed a shining eye
   650 | D        | Got the ring "Tiloa" {+Inv MR+ Dex+4}
   657 | D        | Entered arena 10.
   658 | D        | Offered knowledge of Static Discharge by Vehumet.
   660 | D        | Reached skill level 10 in Spellcasting
   666 | D        | Found a transporter.
   707 | D        | Got the cursed ring of Ampir {Str+4 Int+5 Dex-4 Slay-6}
   772 | D        | Entered arena 11.
   782 | D        | Found a transporter.
   801 | D        | Offered knowledge of Olgreb's Toxic Radiance by Vehumet.
   805 | D        | Identified Sif Muna's Tome of Ignition and Poisoning (You found it in the Dungeon)
   881 | D        | Entered arena 12.
   881 | D        | Noticed a fire dragon
   881 | D        | Noticed a hell hog
   881 | D        | Noticed a hell hog
   882 | D        | Noticed a hell hog
   882 | D        | Noticed a fire dragon
   884 | D        | Killed from afar by an efreet

Skill      XL: |  1  2  3  4  5  6  7  8  9 10 11 |
---------------+----------------------------------+-----
Spellcasting   | 8 9 10 | 10.2
Conjurations   | 10 11 12 | 12.0
Evocations     | 9 11 | 11.8
Fighting       | 2 4 7 8 |  8.0
Necromancy     | 3 9 12 | 12.3
Dodging        | 3 5 7 |  7.8
Translocations | 1 |  1.2
Stealth        | |  2.6

Action                   |  1- 3 |  4- 6 |  7- 9 | 10-12 || total
-------------------------+-------+-------+-------+-------++-------
Melee: Staff             |       |       |     2 |     1 ||     3
       Constrict         |       |       |     2 |     1 ||     3
       Tentacles         |       |       |     1 |       ||     1
 Cast: Stone Arrow       |       |       |    11 |    12 ||    23
       Magic Dart        |       |       |     1 |       ||     1
       Animate Dead      |       |       |     2 |     1 ||     3
       Blink             |       |       |       |     8 ||     8
       Death Channel     |       |       |       |     4 ||     4
Evoke: Wand              |     1 |       |    10 |    16 ||    27
       Staff of energy   |       |       |     1 |       ||     1
       Lightning rod     |       |       |       |     3 ||     3
  Use: Scroll            |       |       |     1 |     2 ||     3
       Potion            |       |       |     1 |     6 ||     7
Armor: Skin              |       |       |       |     1 ||     1
Dodge: Dodged            |       |       |     1 |     2 ||     3
Block: Shield            |     1 |       |     7 |    29 ||    37
